 Dungeon Crawl Stone Soup version 0.28-a0-1493-g08698888e4 (webtiles) character file.

Game seed: 2335188240770396863

17712 Hasart the Spear-Bearer (level 11, -3/90 HPs)
             Began as a Demigod Transmuter on Jan 12, 2022.
             Slain by a blink frog (10 damage)
             ... on level 2 of the Lair of Beasts.
             The game lasted 00:44:24 (15300 turns).

Hasart the Spear-Bearer (Demigod Transmuter)       Turns: 15300, Time: 00:44:24

Health: -3/90      AC:  4    Str: 21    XL:     11   Next: 94%
Magic:  0/23       EV: 17    Int: 22    God:
Gold:   579        SH:  8    Dex: 22    Spells: 10/21 levels left

rFire   + . .      SeeInvis .   e - +2 glaive (flame)
rCold   + . .      Faith    .   (shield currently unavailable)
rNeg    . . .      Spirit   +   y - +2 robe {rC+}
rPois   +          Reflect  .   (helmet currently unavailable)
rElec   .          Harm     .   (no cloak)
rCorr   +          Rampage  .   (no gloves)
Will    +....                   (boots currently unavailable)
Stlth   ++........              j - brooch of Shielding {Spirit SH+8}
HPRegen 0.25/turn               b - +6 ring of strength
MPRegen 0.18/turn               m - ring of Scepticism {Contam rPois rF+ rCorr Int+7}

@: appendages, wereblooded
A: horns 2, talons 2, high mp 1, forlorn, divine attributes
a: End Transformation


You were on level 2 of the Lair of Beasts.
You had temporarily grown beastly horns and talons.
You visited 2 branches of the dungeon, and saw 13 of its levels.

You collected 579 gold pieces.

Inventory:

Hand Weapons
 e - a +2 glaive of flaming (weapon)
 i - a +4 vorpal long sword
 r - a +2 trident of freezing
Missiles
 u - 5 boomerangs (quivered)
 A - 4 curare-tipped darts
 G - 16 boomerangs of dispersal
Armour
 y - a +2 robe of cold resistance (worn)
 K - a +2 helmet (melded)
Jewellery
 b - a +6 ring of strength (left hand)
 j - the brooch of Shielding (around neck) {Spirit SH+8}
   (You found it on level 2 of the Dungeon)

   [amulet of guardian spirit]

   It causes incoming damage to be divided between your reserves of health and
   magic.
   SH:        It affects your SH (+8).
 m - the ring of Scepticism (right hand) {Contam rPois rF+ rCorr Int+7}
   (You found it on level 2 of the Dungeon)

   [ring of poison resistance]

   Int:       It affects your intelligence (+7).
   rF:        It protects you from fire.
   rPois:     It protects you from poison.
   Contam:    It causes magical contamination when unequipped.
   rCorr:     It protects you from acid and corrosion.
 v - a ring of willpower
 x - a ring of magical power
 C - a ring of willpower
Wands
 p - a wand of charming (9)
 w - a wand of flame (20)
 E - a wand of iceblast (13)
Scrolls
 c - 4 scrolls of amnesia
 l - 8 scrolls of teleportation
 n - a scroll of identify
 q - 4 scrolls of magic mapping
 z - 3 scrolls of blinking
 B - a scroll of fog
 D - 2 scrolls of brand weapon
Potions
 a - 3 potions of lignification
 f - 4 potions of degeneration
 g - a potion of attraction {unknown}
 h - 5 potions of curing
 k - 2 potions of mutation
 o - 4 potions of haste
 s - a potion of brilliance
 t - a potion of heal wounds
 F - 2 potions of might
 H - a potion of resistance {unknown}
Miscellaneous
 I - a box of beasts
 J - a tin of tremorstones (2/2)


   Skills:
 + Level 6.3 Fighting
 * Level 8.5 Polearms
 + Level 5.8 Throwing
 + Level 6.5 Dodging
 - Level 3.5 Unarmed Combat
 + Level 5.9 Spellcasting
 + Level 4.8 Translocations
 + Level 6.3 Transmutations
 + Level 4.8 Air Magic
 + Level 5.0 Evocations


You had 10 spell levels left.
You knew the following spells:

 Your Spells              Type           Power      Damage    Failure   Level
a - Beastly Appendage     Tmut           68%        N/A       1%          1
b - Wereblood             Tmut           34%        N/A       1%          2
c - Blink                 Tloc           54%        N/A       1%          2
d - Swiftness             Air            28%        N/A       3%          3
e - Spider Form           Tmut/Pois      20%        N/A       8%          3

Your spell library contained the following spells:

 Spells                   Type           Power      Damage    Failure   Level
 Shock                    Conj/Air       68%        1d7       3%          1
 Passwall                 Tmut/Erth      16%        N/A       3%          2
 Gell's Gravitas          Tloc           27%        N/A       3%          3
 Lesser Beckoning         Tloc           27%        N/A       3%          3
 Teleport Other           Tloc           27%        N/A       3%          3
 Sandblast                Erth           12%        2d6       10%         1
 Slow                     Hex            24%        N/A       10%         1
 Airstrike                Air            14%        N/A       12%         4
 Ice Form                 Ice/Tmut       20%        N/A       26%         4
 Confusing Touch          Hex            6%         N/A       28%         3
 Stone Arrow              Conj/Erth      12%        3d7       28%         3
 Vampiric Draining        Necr           6%         2d6       28%         3
 Manifold Assault         Tloc           27%        N/A       34%         5
 Dispersal                Tloc           13%        N/A       88%         6


Dungeon Overview and Level Annotations

Branches:
Dungeon (11/15)            Temple (0/1) D:5            Lair (2/6) D:11
  Swamp: Lair:2-4    Shoals: Lair:2-4     Snake: Lair:2-4    Spider: Lair:2-4
    Orc: D:9-12

Shops:
D:3 [

Annotations:
D:10 Fannar


Innate Abilities, Weirdness & Mutations

You have temporarily grown beastly horns and talons.
You have an increased reservoir of magic. (+10% MP)
You shall have no god before yourself.
Your divine heritage dramatically boosts your attributes as you level up.


Message History

You hit the blink frog. You burn the blink frog.
Your kick misses the blink frog. Your headbutt misses the blink frog.
The blink frog is heavily wounded.
The blink frog barely misses you. The blink frog hits you!
The blink frog blinks!
Unknown command.
Casting: Beastly Appendage (safe; 1% risk of failure)
Confirm with . or Enter, or press ? or * to list all spells.
Your blood is infused with primal strength.
A blink frog comes into view.
The blink frog blinks!
The blink frog hits you but does no damage.
The blink frog barely misses you.
The blink frog croaks.
You slash the blink frog! You burn the blink frog.
You headbutt the blink frog, but do no damage.
The blink frog is severely wounded.
The blink frog blinks! x2; The blink frog hits you!
The blink frog blinks!
The blink frog hits you!
Unknown command.
You miss the blink frog. Your kick misses the blink frog.
The blink frog hits you!
* * * LOW HITPOINT WARNING * * *
The blink frog blinks!
The blink frog closely misses you.
The blink frog blinks!
Unknown command.
You miss the blink frog.
You headbutt the blink frog, but do no damage.
The blink frog hits you but does no damage.
The blink frog blinks!
The blink frog hits you!
* * * LOW HITPOINT WARNING * * *
Unknown command.
You feel much better. The blink frog hits you!
* * * LOW HITPOINT WARNING * * *
Unknown command.
You miss the blink frog. Your headbutt misses the blink frog.
The blink frog hits you!
* * * LOW HITPOINT WARNING * * *
The blink frog blinks! x2; The blink frog hits you!
You die...

..####...#..P.#.#..####.≈≈≈≈.....
..# ####...####.§.# #.≈≈≈≈≈≈≈...
.##### ##....###P..# #.≈≈≈≈≈≈....
.#...###.#...#.#P..##..≈≈≈≈≈≈>...
.......................≈≈≈≈≈≈....
.......................≈≈≈≈≈≈≈...
..........#.#.#.§.#..#.≈
...........#####F#....#
..........######@# [.#
..........##.#.#†##..##..
.........................
.........................
...............####.#...#
)..............# #....#
...............# #..#.
................# ..#
...............#.. ..#


You could see a blink frog.

Vanquished Creatures
  A hydra (Lair:2)
  7 two-headed ogres
  3 death yaks (D:11)
  A cyclops (D:11)
  2 manticores (D:11)
  2 unseen horrors
  2 cane toads (Lair:1)
  Maggie (D:7)
  A komodo dragon (Lair:2)
  2 kobold demonologists
  A troll (D:9)
  2 blink frogs (Lair:2)
  Sigmund (D:5)
  A shadow (D:7)
  A vampire (D:8)
  16 yaks
  A steam dragon (D:7)
  An acid dragon (D:8)
  2 water moccasins (D:7)
  2 orc warriors
  A sky beast (D:5)
  2 black bears
  3 wolves (Lair:2)
  An ogre (D:5)
  A phantom (D:6)
  4 centaurs
  13 kobold brigands
  6 bullfrogs
  A gnoll sergeant (D:11)
  A scorpion (D:5)
  5 killer bees
  9 wights
  5 howler monkeys
  An electric eel (Lair:2)
  A centaur zombie (D:7)
  2 hounds
  3 orc priests
  3 jellies
  A centaur skeleton (D:7)
  3 iron imps (D:9)
  4 iguanas
  2 orc wizards
  7 hell rats (Lair:1)
  A hound skeleton (D:5)
  A mummy (D:9)
  3 gnolls (D:11)
  6 adders
  A shadow imp (D:6)
  A white imp (D:8)
  4 ufetubi
  2 worms
  2 dart slugs (D:1)
  16 orcs
  7 endoplasms
  3 giant cockroaches
  6 goblins
  8 hobgoblins
  5 jackals
  4 quokkas
  5 ball pythons
  5 bats
  2 frilled lizards
  32 kobolds
  8 rats
251 creatures vanquished.

Vanquished Creatures (others)
  9 fungi
  10 plants
19 creatures vanquished.

Grand Total: 270 creatures vanquished

Notes
Turn   | Place    | Note
-------+----------+-------------------------------------------
     0 | D:1      | Hasart the Demigod Transmuter began the quest for the Orb.
     0 | D:1      | Reached XP level 1. HP: 15/15 MP: 5/5
   249 | D:1      | Reached skill level 1 in Fighting
   654 | D:1      | Reached XP level 2. HP: 23/23 MP: 7/7
   932 | D:1      | Learned a level 2 spell: Wereblood
  1097 | D:1      | Reached XP level 3. HP: 14/28 MP: 8/8
  1907 | D:2      | Found the brooch of Shielding {Spirit SH+8}
  2190 | D:2      | Identified the ring of Scepticism {Contam rPois rF+ rCorr
                  | Int+7}
  2443 | D:3      | Reached XP level 4. HP: 23/35 MP: 6/10
  2632 | D:3      | Found Imyskunyjy's Armour Emporium.
  3817 | D:5      | Entered Level 5 of the Dungeon
  3835 | D:5      | Noticed a sky beast
  3908 | D:5      | Reached XP level 5. HP: 39/41 MP: 11/11
  3955 | D:5      | Killed a sky beast
  3956 | D:5      | Reached skill level 1 in Polearms
  3956 | D:5      | Reached skill level 1 in Evocations
  4021 | D:5      | Noticed Sigmund
  4026 | D:5      | Killed Sigmund
  4027 | D:5      | Reached skill level 2 in Polearms
  4027 | D:5      | Reached skill level 1 in Throwing
  4027 | D:5      | Reached XP level 6. HP: 48/48 MP: 13/13
  4237 | D:5      | Reached XP level 7. HP: 56/56 MP: 12/14
  4378 | D:5      | Reached skill level 3 in Polearms
  4618 | D:5      | Found a staircase to the Ecumenical Temple.
  5406 | D:6      | Reached XP level 8. HP: 63/63 MP: 16/16
  5620 | D:6      | Reached skill level 4 in Polearms
  6342 | D:7      | Learned a level 2 spell: Blink
  6346 | D:7      | Learned a level 3 spell: Swiftness
  6520 | D:7      | Noticed Maggie
  6545 | D:7      | Killed Maggie
  6837 | D:7      | Reached skill level 1 in Translocations
  6837 | D:7      | Reached skill level 1 in Air Magic
  6837 | D:7      | Reached XP level 9. HP: 64/71 MP: 14/18
  7277 | D:7      | Reached skill level 5 in Polearms
  7329 | D:8      | Noticed a two-headed ogre
  8031 | D:8      | Noticed a two-headed ogre
  8040 | D:8      | Killed a two-headed ogre
  8076 | D:8      | Killed a two-headed ogre
  8077 | D:8      | Reached skill level 5 in Dodging
  8088 | D:8      | Noticed a two-headed ogre
  8102 | D:8      | Killed a two-headed ogre
  8103 | D:8      | Reached skill level 6 in Polearms
  8103 | D:8      | Reached XP level 10. HP: 54/80 MP: 13/20
  8744 | D:9      | Reached skill level 5 in Transmutations
  9398 | D:9      | Reached skill level 5 in Fighting
  9503 | D:9      | Noticed a two-headed ogre
  9510 | D:9      | Killed a two-headed ogre
  9511 | D:9      | Reached skill level 5 in Spellcasting
 10020 | D:10     | Entered Level 10 of the Dungeon
 10081 | D:10     | Noticed a two-headed ogre
 10088 | D:10     | Killed a two-headed ogre
 10089 | D:10     | Reached skill level 7 in Polearms
 10238 | D:10     | Noticed Fannar
 11325 | D:11     | Reached XP level 11. HP: 88/88 MP: 19/22
 11327 | D:11     | Reached skill level 5 in Evocations
 11553 | D:11     | Learned a level 3 spell: Spider Form
 11577 | D:11     | Reached skill level 5 in Throwing
 11905 | D:11     | Noticed a two-headed ogre
 11912 | D:11     | Killed a two-headed ogre
 11993 | D:11     | Noticed a death yak
 11996 | D:11     | Noticed a death yak
 12007 | D:11     | Killed a death yak
 12254 | D:11     | Found a staircase to the Lair.
 12318 | D:11     | Identified the +3 flail of Beogh {venom, rF+ rC++}
 12435 | D:11     | Noticed a death yak
 12507 | D:11     | Killed a death yak
 12519 | D:11     | Killed a death yak
 12813 | D:11     | Reached skill level 8 in Polearms
 12966 | D:11     | Noticed a two-headed ogre
 12972 | D:11     | Killed a two-headed ogre
 13012 | Lair:1   | Entered Level 1 of the Lair of Beasts
 15280 | Lair:2   | Noticed an eight-headed hydra
 15286 | Lair:2   | Killed a six-headed hydra
 15300 | Lair:2   | Slain by a blink frog

Illustrated notes

Levels and vault maps discovered:
D:1:      wheals_arrival_shading, layout_basic, basic_ecumenical_altar
D:2:      layout_basic, minmay_hexomino_c4
D:3:      layout_basic, serial_shops, nicolae_shop_hallway_plus,
          minmay_misc_feat_rugged
D:4:      minmay_angry_zag, layout_loops_ring, nemelex_diamond_rough_becter
D:5:      minmay_evil_eye, layout_rooms, minmay_temple_entry_junction,
          minmay_misc_feat_columns, kennysheep_diamond, uniq_sigmund
D:6:      layout_basic, amcnicky_altar_gilded,
          mainiacjoe_overflow_small_starburst, mainiacjoe_overflow_brackets
D:7:      layout_loops_ring, trog_book, nicolae_hepliaklqana_hippocampus,
          uniq_maggie
D:8:      layout_basic, mainiacjoe_overflow_catwalk
D:9:      layout_basic, mainiacjoe_overflow_paths, slow_altar_1, demons_altar,
          special_room [special_room_kobold]
D:10:     layout_long_grid, nicolae_sif_muna_little_library, uniq_fannar
D:11:     layout_roguey, dpeg_lair_monsters, minmay_unpleasant_kobolds
Lair:1:   layout_long_grid, special_room [special_room_bee]
Lair:2:   layout_small_grid, infiniplex_staircase_pool, grunt_megastairs_2

Skill      XL: |  1  2  3  4  5  6  7  8  9 10 11 |
---------------+----------------------------------+-----
Fighting       | 1 2 3 4 5 6 |  6.3
Dodging        | 2 3 4 5 6 |  6.5
Unarmed Combat | 3 |  3.5
Transmutations | 2 3 4 5 6 |  6.3
Spellcasting   | 2 3 4 5 |  5.9
Polearms       | 2 3 4 6 7 8 |  8.5
Evocations     | 1 2 3 4 5 |  5.0
Throwing       | 1 2 3 4 5 |  5.8
Translocations | 1 2 3 4 |  4.8
Air Magic      | 1 2 3 4 |  4.8

Action                   |  1- 3 |  4- 6 |  7- 9 | 10-12 || total
-------------------------+-------+-------+-------+-------++-------
Melee: Unarmed           |   124 |    22 |       |     9 ||   155
       Punch             |     5 |     1 |    11 |       ||    17
       Kick              |     7 |     8 |    22 |    58 ||    95
       Headbutt          |     3 |     7 |    17 |    42 ||    69
       Trident           |       |    46 |   169 |       ||   215
       Glaive            |       |       |    68 |   318 ||   386
Throw: Boomerang         |       |     5 |    37 |    81 ||   123
       Dart              |       |     3 |     3 |     6 ||    12
 Cast: Beastly Appendage |     5 |     8 |     8 |    18 ||    39
       Wereblood         |     2 |     3 |     6 |    16 ||    27
       Blink             |       |       |       |     1 ||     1
       Spider Form       |       |       |       |     1 ||     1
  Use: Scroll            |       |       |    11 |    14 ||    25
       Potion            |       |       |       |     1 ||     1
 Stab: Sleeping          |     4 |       |     1 |     2 ||     7
       Distracted        |       |       |       |     2 ||     2
Armor: Robe              |    30 |     6 |    32 |    43 ||   111
Dodge: Dodged            |    84 |    29 |   142 |   276 ||   531
Block: Other             |     3 |    23 |    89 |   156 ||   271

Table legend: (Time is in decaauts)
 A = Elapsed time spent in this place.
 B = Non-inter-level travel time spent in this place.
 C = Inter-level travel time spent in this place.
 D = Time resting spent in this place.
 E = Time spent auto-exploring this place.
 F = Levels seen in this place.
 G = Mean time per level.
                   A        B        C        D        E       F      G
               +--------+--------+--------+--------+--------+-----+--------+
         Total |  15476 |  15103 |    373 |   3453 |   8630 |  13 | 1190.5 |
       Dungeon |  13158 |  12813 |    345 |   2669 |   7768 |  11 | 1196.2 |
          Lair |   2318 |   2290 |     28 |    784 |    862 |   2 | 1159.0 |
               +--------+--------+--------+--------+--------+-----+--------+

Top non-repeatable levels by time:
    D:11: 1777 daAuts
  Lair:1: 1759 daAuts
     D:7: 1676 daAuts
     D:9: 1434 daAuts
     D:1: 1421 daAuts
     D:6: 1235 daAuts
    D:10: 1170 daAuts
     D:5: 1036 daAuts
     D:4: 1025 daAuts
     D:8: 1005 daAuts
     D:2: 920 daAuts
  Lair:2: 559 daAuts
     D:3: 452 daAuts
